 Dungeon Crawl Stone Soup version 0.29-a0-1065-g47a6bb87d6 (webtiles) character file.

Game seed: 17607313062534679830

93 SensoryNuts the Cutter (level 4, 0/34 HPs)
             Began as a Vampire Gladiator on Aug 19, 2022.
             Slain by Robin
             ... wielding a +1 spear of flaming
              (2 damage)
             ... on level 2 of the Dungeon.
             The game lasted 00:02:05 (1412 turns).

SensoryNuts the Cutter (Vampire Gladiator)          Turns: 1412, Time: 00:02:05

Health: 0/34       AC:  5    Str: 15    XL:     4   Next: 36%
Magic:  4/4        EV: 13    Int: 10    God:
Gold:   29         SH:  0    Dex: 15    Spells: 3/3 levels left

rFire   . . .      SeeInvis +   a - +0 rapier
rCold   . . .      Faith    .   (no shield)
rNeg    . . .      Spirit   .   b - +0 leather armour
rPois   .          Reflect  .   g - +1 helmet
rElec   .          Harm     .   (no cloak)
rCorr   .          Rampage  .   (no gloves)
Will    .....                   (no boots)
Stlth   +.........              (no amulet)
HPRegen 0.31/turn               (no ring)
MPRegen 0.09/turn               (no ring)

@: healing quickly
A: alive, fangs 3, see invisible, vampiric 2, hooves 1, deterioration 1,
mutation resistance 1
a: Exsanguinate


You were on level 2 of the Dungeon.
You visited 1 branch of the dungeon, and saw 2 of its levels.

You collected 125 gold pieces.
You spent 96 gold pieces at shops.

Inventory:

Hand Weapons
 a - a +0 rapier (weapon)
Missiles
 d - 3 throwing nets (quivered)
 e - a javelin
Armour
 b - a +0 leather armour (worn)
 c - a +0 helmet
 g - a +1 helmet (worn)
Scrolls
 h - a scroll of blinking {unknown}
 j - a scroll of vulnerability {unknown}
 k - a scroll of enchant armour {unknown}
Potions
 f - 2 potions of mutation


   Skills:
 + Level 2.3 Fighting
 + Level 4.3 Short Blades
 + Level 1.6 Throwing
 + Level 0.9 Armour
 + Level 4.1 Dodging
 + Level 1.0 Stealth


You had 3 spell levels left.
You didn't know any spells.
Your spell library was empty.

Dungeon Overview and Level Annotations

Branches:
Dungeon (2/15)

Altars:

Shops:
D:2 !

Annotations:
D:2 Robin


Innate Abilities, Weirdness & Mutations

Your natural rate of healing is accelerated.
You have razor-sharp teeth.
You have supernaturally acute eyesight. (SInv)
You are afflicted with vampirism and can become a bat while bloodless.
You have large cloven feet.
Your body sometimes deteriorates upon taking damage.
You are somewhat resistant to further mutation.


Message History

The goblin shoots a sling bullet.
The sling bullet closely misses you.
The goblin no longer looks unusually strong.
The goblin shoots a sling bullet.
The sling bullet barely misses you.
The goblin shoots a sling bullet.
The sling bullet hits you.
* * * LOW HITPOINT WARNING * * *
The goblin shoots a sling bullet.
The sling bullet misses you.
There is an open door here.
The goblin shoots a sling bullet.
The sling bullet hits you.
* * * LOW HITPOINT WARNING * * *
There is an open door here.
The goblin shoots a sling bullet.
The sling bullet barely misses you.
There is an entrance to Fogaewn's Distillery here.
The goblin shoots a sling bullet.
The sling bullet closely misses you. Robin throws the goblin at you!
The goblin unwields a +0 sling.
The goblin wields a +0 dagger.
The goblin hits you with a +0 dagger.
The goblin unwields a +0 dagger.
The goblin wields a +0 sling.
The goblin shoots a sling bullet.
The sling bullet hits you.
The goblin unwields a +0 sling.
The goblin wields a +0 dagger.
The goblin hits you with a +0 dagger.
Robin hits you from afar with a +1 spear of flaming.
* * * LOW HITPOINT WARNING * * *
Robin burns you.
* * * LOW HITPOINT WARNING * * *
The goblin unwields a +0 dagger.
The goblin wields a +0 sling.
The goblin shoots a sling bullet.
The sling bullet misses you.
The sling bullet hits Robin.
Robin roars a battlecry!
The goblins go into a battle-frenzy!
You barely miss Robin. Your bite misses Robin.
Robin is moderately wounded.
Robin hits you with a +1 spear of flaming.
* * * LOW HITPOINT WARNING * * *
Robin burns you.
* * * LOW HITPOINT WARNING * * *
The goblin shoots a sling bullet.
The sling bullet barely misses you.
The sling bullet hits Robin.
You hit Robin. You kick Robin.
Robin is severely wounded.
Robin hits you with a +1 spear of flaming.
You die...

########## #........#
######### ##.######.#
........# #.gg..@gg.#
.######.# #..######.####
........###..##........#
.....##.##...##.###.##.#
..##................##.#
...####.....g######.##.#
...####.#.....∩.....##.##
........##.##########.#.##
##.#######.# #.###.#


You could see Robin, 2 hobgoblins and a goblin (strong).

Vanquished Creatures
  Jessica (D:2)
  An adder (D:2)
  A worm (D:2)
  4 ball pythons
  2 bats (D:1)
  6 endoplasms
  2 giant cockroaches (D:1)
  12 goblins
  6 hobgoblins
  3 kobolds
  3 quokkas
  A frilled lizard (D:2)
  6 rats
48 creatures vanquished.

Vanquished Creatures (others)
  4 toadstools (D:1)
4 creatures vanquished.

Grand Total: 52 creatures vanquished

Notes
Turn   | Place    | Note
-------+----------+-------------------------------------------
     0 | D:1      | SensoryNuts the Vampire Gladiator began the quest for the
                  | Orb.
     0 | D:1      | Reached XP level 1. HP: 16/16 MP: 1/1
    52 | D:1      | Reached XP level 2. HP: 18/22 MP: 2/2
   356 | D:1      | Gained mutation: You are afflicted with vampirism and can
                  | become a bat while bloodless. [Vampire growth]
   356 | D:1      | Reached XP level 3. HP: 18/27 MP: 3/3
   565 | D:2      | Gained mutation: Your spells are a little harder to cast,
                  | but a little more powerful. [potion of mutation]
   565 | D:2      | Gained mutation: Your body sometimes deteriorates upon
                  | taking damage. [potion of mutation]
   565 | D:2      | Gained mutation: You have a somewhat thin skeletal
                  | structure. (Dex +2, Stealth+) [potion of mutation]
   598 | D:2      | Found a faded altar of an unknown god.
   657 | D:2      | Lost mutation: You have a somewhat thin skeletal structure.
                  | (Dex +2, Stealth+) [potion of mutation]
   657 | D:2      | Lost mutation: Your spells are a little harder to cast, but
                  | a little more powerful. [potion of mutation]
   657 | D:2      | Gained mutation: You have large cloven feet. [potion of
                  | mutation]
   657 | D:2      | Gained mutation: You are somewhat resistant to further
                  | mutation. [potion of mutation]
   769 | D:2      | Noticed Jessica
   784 | D:2      | Killed Jessica
   785 | D:2      | Reached XP level 4. HP: 4/33 MP: 4/4
  1191 | D:2      | Found Fogaewn's Distillery.
  1198 | D:2      | Bought a potion of mutation for 96 gold pieces
  1244 | D:2      | Reached skill level 1 in Stealth
  1346 | D:2      | Noticed Robin
  1412 | D:2      | Slain by Robin

Illustrated notes

Levels and vault maps discovered:
D:1:      ldierk_water_garden, layout_rooms
D:2:      layout_loops_corners, shapermc_ecumenical_altar_venn, basic_altar,
          serial_shops, shop, nrook_uturn, uniq_jessica, uniq_robin

Skill      XL: |  1  2  3  4 |
---------------+-------------+-----
Fighting       | 2 |  2.3
Short Blades   | 4 |  4.3
Dodging        | 4 |  4.1
Stealth        | 1 |  1.0
Throwing       | |  1.6
Armour         | |  0.9

Action                   |  1- 3 |  4- 6 || total
-------------------------+-------+-------++-------
Melee: Rapier            |   102 |    28 ||   130
       Bite              |     7 |       ||     7
       Kick              |     1 |     7 ||     8
  Use: Potion            |     6 |       ||     6
 Stab: Sleeping          |     2 |     1 ||     3
Armor: Leather armour    |    33 |    10 ||    43
Dodge: Dodged            |    59 |    34 ||    93

Table legend: (Time is in decaauts)
 A = Elapsed time spent in this place.
 B = Non-inter-level travel time spent in this place.
 C = Inter-level travel time spent in this place.
 D = Time resting spent in this place.
 E = Time spent auto-exploring this place.
 F = Levels seen in this place.
 G = Mean time per level.
                   A        B        C        D        E       F      G
               +--------+--------+--------+--------+--------+-----+--------+
         Total |   1417 |   1362 |     55 |      0 |   1036 |   2 |  708.5 |
       Dungeon |   1417 |   1362 |     55 |      0 |   1036 |   2 |  708.5 |
               +--------+--------+--------+--------+--------+-----+--------+

Top non-repeatable levels by time:
     D:2: 924 daAuts
     D:1: 493 daAuts
